 Dungeon Crawl Stone Soup version 0.21-a0-402-gcbae7d1 (webtiles) character file.

674 Mitsuki the Magician (level 7, -5/46 HPs)
             Began as a Demonspawn Wizard on Oct 26, 2017.
             Slain by a two-headed ogre
             ... wielding a +0 giant club
              (7 damage)
             ... on level 5 of the Dungeon.
             The game lasted 00:16:32 (8542 turns).

Mitsuki the Magician (Demonspawn Wizard)            Turns: 8542, Time: 00:16:32

Health: -5/46      AC:  8    Str:  8    XL:     7   Next: 33%
Magic:  4/15       EV: 12    Int: 26    God:
Gold:   215        SH:  0    Dex: 11    Spells: 8/17 levels left

rFire    . . .     SeeInvis .   p - +2 dagger (venom)
rCold    . . .     Gourm    .   (no shield)
rNeg     + + .     Faith    .   q - +2 robe {rN+}
rPois    .         Spirit   .   b - +0 hat
rElec    .         Reflect  .   e - scarf {repulsion}
rCorr    .         Harm     .   x - +0 pair of gloves {archery}
MR       .....                  o - +0 pair of boots
Stlth    ++........             (no amulet)
HPRegen  0.15/turn              w - ring of positive energy
MPRegen  0.14/turn              r - +5 ring of intelligence

@: repel missiles
A: talons 1, slimy green scales 1, rot immunity
a: no special abilities


You were on level 5 of the Dungeon.
You were not hungry.

You visited 1 branch of the dungeon, and saw 5 of its levels.

You collected 215 gold pieces.

Inventory:

Hand Weapons
 p - a +2 dagger of venom (weapon)
Missiles
 B - 2 throwing nets (quivered)
Armour
 b - a +0 hat (worn)
 e - a scarf of repulsion (worn)
 o - a +0 pair of boots (worn)
 q - a +2 robe of positive energy (worn)
 x - a +0 pair of gloves of archery (worn)
Jewellery
 r - a +5 ring of intelligence (right hand)
 s - an uncursed ring of fire
 w - a ring of positive energy (left hand)
Scrolls
 i - 2 scrolls of teleportation
 l - 8 scrolls of identify
 C - a scroll of recharging {unknown}
 D - a scroll of fog {unknown}
Potions
 a - a potion of degeneration {unknown}
 g - 2 potions of berserk rage {unknown}
 h - 2 potions of agility
 j - a potion of heal wounds {unknown}
 k - a potion of brilliance {unknown}
 m - 2 potions of curing {unknown}
 n - 3 potions of haste {unknown}
 v - 4 potions of flight {unknown}
 z - a potion of invisibility {unknown}
Books
 c - a book of Minor Magic

   Spells                             Type                      Level
   a - Magic Dart                     Conjuration                  1
   b - Blink                          Translocation                2
   c - Call Imp                       Summoning                    2
   d - Slow                           Hexes                        2
   e - Conjure Flame                  Conjuration/Fire             3
   f - Mephitic Cloud                 Conjuration/Poison/Air       3
Comestibles
 d - 3 bread rations


   Skills:
 - Level 1.7 Dodging
 - Level 1.7 Stealth
 + Level 5.5 Spellcasting
 + Level 5.0 Conjurations
   Level 1.0 Summonings
 - Level 0.8 Translocations
 + Level 3.0 Fire Magic


You had 8 spell levels left.
You knew the following spells:

 Your Spells              Type           Power        Failure   Level  Hunger
a - Magic Dart            Conj           ####         1%          1    None
b - Blink                 Tloc           N/A          8%          2    None
c - Conjure Flame         Conj/Fire      ####....     4%          3    #......
d - Mephitic Cloud        Conj/Pois/Air  ###.....     11%         3    #......


Dungeon Overview and Level Annotations

Branches:
Dungeon (5/15)
 Temple: D:4-7

Altars:
Cheibriados
Dithmenos

Annotations:
D:4 Sassnadas's ghost, amateur MiFi
D:5 Edmund


Innate Abilities, Weirdness & Mutations

You have sharp toenails.
You are partially covered in slimy green scales. (AC +2)
You are immune to rotting.


Message History

Press: ? - help, Shift-Dir - straight line, f/p - two-headed ogre
Aim: a two-headed ogre, wielding two giant clubs (severely wounded)
The magic dart hits the two-headed ogre.
The two-headed ogre is severely wounded.
The two-headed ogre hits you with a giant club!!
Ouch! That really hurt!
* * * LOW HITPOINT WARNING * * *
The two-headed ogre barely misses you.
You take 33 damage, and have 2/46 hp.
MASSIVE DAMAGE!!
You now have 5/15 mp.
You are too injured to fight recklessly!
You are too injured to fight recklessly!
Casting: Magic Dart
Confirm with . or Enter, or press ? or * to list all spells.
Aiming: Magic Dart
Press: ? - help, Shift-Dir - straight line, f/p - two-headed ogre
Aim: a two-headed ogre, wielding two giant clubs (severely wounded)
The magic dart hits the two-headed ogre.
The two-headed ogre is severely wounded.
The two-headed ogre hits you with a giant club!
You die...

.###.<#####.#
#...#
.##.@h.......
...#
.##.<(#####.#
#..# ......#
#..# ....(...
#..# ####..###
#..# #..# #..#
#..######## #..#
#..>......###@.#
########.....O.#
#.#####ยง# #.#
.# #.# .. #.#
### #####.#
#.....# #.#####


You could see a two-headed ogre.

Vanquished Creatures
  Eustachio (D:4)
  Sigmund (D:3)
  A phantom (D:4)
  A bullfrog zombie (D:5)
  An orc priest (D:5)
  An orc wizard (D:3)
  Jessica (D:2)
  A worker ant (D:4)
  7 adders
  3 worms
  3 dart slugs
  4 leopard geckos
  6 orcs
  A giant cockroach (D:1)
  10 goblins
  5 hobgoblins
  4 jackals (D:2)
  10 kobolds
  2 quokkas
  2 ball pythons
  7 bats
  5 frilled lizards
  9 rats
86 creatures vanquished.

Notes
Turn   | Place    | Note
-------+----------+-------------------------------------------
     0 | D:1      | Mitsuki the Demonspawn Wizard began the quest for the Orb.
     0 | D:1      | Reached XP level 1. HP: 13/13 MP: 4/4
   357 | D:1      | Gained mutation: You are partially covered in slimy green scales. (AC +2) [demonic ancestry]
   357 | D:1      | Reached XP level 2. HP: 19/19 MP: 3/6
  1204 | D:1      | Learned a level 2 spell: Blink
  1232 | D:2      | Noticed Jessica
  1234 | D:2      | Killed Jessica
  1234 | D:2      | Gained mutation: You are immune to rotting. [demonic ancestry]
  1234 | D:2      | Reached XP level 3. HP: 24/24 MP: 5/8
  1359 | D:2      | Learned a level 3 spell: Conjure Flame
  1363 | D:2      | Learned a level 3 spell: Mephitic Cloud
  1500 | D:2      | Reached XP level 4. HP: 30/30 MP: 5/9
  2321 | D:3      | Noticed Sigmund
  2632 | D:3      | Reached XP level 5. HP: 35/35 MP: 7/11
  2842 | D:3      | Killed Sigmund
  2842 | D:3      | Reached skill level 1 in Fire Magic
  2842 | D:3      | Gained mutation: You have sharp toenails. [demonic ancestry]
  2842 | D:3      | Reached XP level 6. HP: 27/41 MP: 4/13
  3404 | D:4      | Reached skill level 5 in Spellcasting
  3932 | D:4      | Noticed Sassnadas's ghost (amateur MiFi)
  4436 | D:4      | Noticed Eustachio
  4447 | D:4      | Killed Eustachio
  4447 | D:4      | Reached XP level 7. HP: 44/46 MP: 5/15
  4617 | D:4      | Found a snail-covered altar of Cheibriados.
  4878 | D:4      | Found a snail-covered altar of Cheibriados.
  5696 | D:5      | Entered Level 5 of the Dungeon
  5928 | D:5      | Reached skill level 5 in Conjurations
  6030 | D:5      | Found a shadowy altar of Dithmenos.
  6030 | D:5      | Noticed Edmund
  8532 | D:5      | Noticed a two-headed ogre
  8541 | D:5      | HP: 2/46 [two-headed ogre/giant club (33)]
  8542 | D:5      | Slain by a two-headed ogre

Vault maps used:
D:1:      evilmike_arrival_hilbert_curve
D:2:      uniq_jessica
D:3:      minmay_misc_feat_doors, hangedman_decor_points, uniq_sigmund
D:4:      first_bread, chei_slow_surprise, uniq_eustachio
D:5:      nicolae_dithmenos_the_darkroom, uniq_edmund, uniq_ijyb

Skill      XL: |  1  2  3  4  5  6  7 |
---------------+----------------------+-----
Conjurations   | 2 3 4 5 |  5.0
Spellcasting   | 4 5 |  5.5
Fire Magic     | 1 2 3 |  3.0
Dodging        | |  1.7
Stealth        | |  1.7
Summonings     | |  1.0
Translocations | |  0.8

Action                   |  1- 3 |  4- 6 |  7- 9 || total
-------------------------+-------+-------+-------++-------
Melee: Unarmed           |    13 |       |       ||    13
       Dagger            |    15 |    26 |     4 ||    45
 Cast: Magic Dart        |    47 |   136 |    79 ||   262
       Conjure Flame     |     1 |     2 |     4 ||     7
       Mephitic Cloud    |       |     1 |       ||     1
  Use: Scroll            |       |     8 |       ||     8
 Stab: Sleeping          |       |     3 |       ||     3
       Confused          |       |     1 |       ||     1
  Eat: Chunk             |     2 |     9 |     2 ||    13
       Meat ration       |       |       |     2 ||     2
       Royal jelly       |       |       |     1 ||     1
       Fruit             |       |       |     1 ||     1
Armor: Robe              |     4 |     6 |     8 ||    18
       Leather armour    |       |    10 |       ||    10
Dodge: Dodged            |    28 |    26 |    17 ||    71
       Deflected         |       |     1 |       ||     1

Table legend:
 A = Spawn XP
 B = Non-spawn XP
 C = Spawn XP percentage of total XP
 D = Spawn monster count
 E = Non-spawn monster count
 F = Spawn count percentage of total count
 G = Total turns spent on level
                    A         B        C        D         E        F      G
               +---------+---------+-------+---------+---------+-------+---------
         Total |       0 |     963 |   0.0 |       0 |      86 |   0.0 |  8542
               +---------+---------+-------+---------+---------+-------+---------
           D:1 |       0 |      36 |   0.0 |       0 |      22 |   0.0 |  1232
           D:2 |       0 |     119 |   0.0 |       0 |      26 |   0.0 |  1164
           D:3 |       0 |     282 |   0.0 |       0 |      20 |   0.0 |  4118
           D:4 |       0 |     408 |   0.0 |       0 |      12 |   0.0 |  1597
           D:5 |       0 |     118 |   0.0 |       0 |       6 |   0.0 |   431
               +---------+---------+-------+---------+---------+-------+---------
